 Dungeon Crawl Stone Soup version 0.31-a0-1001-g770356a28f (webtiles) character file.

Game seed: 3261748816006589230

63 BinkBink the Trooper (level 4, -3/37 HPs)
             Began as a Merfolk Fighter on Nov 8, 2023.
             Killed by nerve-wracking pain
             ... invoked by Jessica
              (11 damage)
             ... on level 2 of the Dungeon.
             The game lasted 00:01:07 (825 turns).

BinkBink the Trooper (Merfolk Fighter)               Turns: 825, Time: 00:01:08

Health: -3/37      AC:  6    Str: 16    XL:     4   Next: 10%
Magic:  4/4        EV:  9    Int:  7    God:
Gold:   68         SH:  5    Dex: 15    Spells: 3/3 levels left

rFire   . . .        a - +0 trident
rCold   . . .        c - +0 buckler
rNeg    . . .        b - +0 scale mail
rPois   .            (no helmet)
rElec   .            (no cloak)
rCorr   .            (no gloves)
SInv    .            (no boots)
Will    .....        (no amulet) Stlth
                     (no ring)
HPRegen 0.26/turn    (no ring)
MPRegen 0.09/turn

%: no passive effects
@: no status effects
A: (nimble swimmer 2), mertail
a: no special abilities


You were on level 2 of the Dungeon.
You visited 1 branch of the dungeon, and saw 2 of its levels.

You collected 68 gold pieces.

Inventory:

Hand Weapons
 a - a +0 trident (weapon)
Armour
 b - a +0 scale mail (worn)
 c - a +0 buckler (worn)
Wands
 k - a wand of digging (7)
Scrolls
 e - a scroll of fog {unknown}
 g - a scroll of fear {unknown}
 i - a scroll of immolation {unknown}
 j - a scroll of identify {unknown}
Potions
 d - a potion of might
 h - a potion of degeneration {unknown}


   Skills:
 + Level 3.8 Fighting
 + Level 3.4 Polearms
 + Level 2.5 Armour
 + Level 1.8 Dodging
 + Level 3.4 Shields


You had 3 spell levels left.
You didn't know any spells.
Your spell library contained the following spells:

 Spells                   Type           Power      Damage    Failure   Level
 Sublimation of Blood     Necr           0%         N/A       97%         2
 Wereblood                Tmut           0%         N/A       97%         2
 Animate Dead             Necr           0%         N/A       100%        4
 Borgnjor's Vile Clutch   Necr/Erth      0%         N/A       100%        5
 Iskenderun's Battlesphe  Conj           0%         2d6       100%        5
 Bombard                  Conj/Erth      0%         9d1       100%        6
 Death Channel            Necr           0%         N/A       100%        6
 Spellforged Servitor     Conj/Summ      0%         N/A       100%        7
 Summon Hydra             Summ           0%         N/A       100%        7


Dungeon Overview and Level Annotations

Branches:
Dungeon (2/15)

Altars:

Annotations:
D:2 Jessica


Innate Abilities, Weirdness & Mutations

((You are very nimble when in or above water. (Stealth+, EV+, Speed+++)))
Your lower body shifts to a powerful aquatic tail in water.


Message History

You barely miss the goblin. The goblin hits you with a +0 dagger.
Jessica casts a spell.
Jessica blinks!
You closely miss the goblin.
The goblin no longer looks unusually strong.
Jessica gestures wildly while chanting.
Jessica blinks!
The goblin barely misses you.
You barely miss the goblin.
The hobgoblin no longer looks unusually strong.
The goblin barely misses you.
You barely miss the goblin. You block the goblin's attack.
You hit the goblin.
The goblin is heavily wounded.
Jessica points at you and mumbles some strange words.
Pain shoots through your body!
* * * LOW HITPOINT WARNING * * *
The goblin barely misses you.
Jessica grins evilly.
The goblin hits you but does no damage.
It was a potion of curing.
You feel better. The goblin closely misses you.
You hit Jessica.
Jessica is moderately wounded.
Jessica hits you with a +0 dagger.
* * * LOW HITPOINT WARNING * * *
Jessica points at you and mumbles some strange words.
You resist with some effort. The goblin hits you with a +0 dagger.
* * * LOW HITPOINT WARNING * * *
You miss the goblin.
The goblin is heavily wounded.
Jessica points at you and mumbles some strange words.
Pain shoots through your body!
* * * LOW HITPOINT WARNING * * *
The goblin closely misses you.
Unknown command.
You feel better.
Jessica points at you and mumbles some strange words.
You barely resist. Jessica gestures at you while chanting.
Pain shoots through your body!
You die...

####### #.....#
#.....########
##............#
.#............#
.#####........# ###..
.#####.[......#######......
.....'.........@@gg........
.#####..^.....#######......
##............# [....
#......####### ###g
#......# ########


You could see Jessica (fast), a hobgoblin and a goblin.

Vanquished Creatures
  Robin (D:2)
  3 adders (D:2)
  An endoplasm (D:2)
  A giant cockroach (D:1)
  7 goblins (D:2)
  4 hobgoblins
  3 jackals (D:2)
  A quokka (D:1)
  2 bats (D:2)
  A rat (D:2)
24 creatures vanquished.

Notes
Turn   | Place    | Note
-------+----------+-------------------------------------------
     0 | D:1      | BinkBink the Merfolk Fighter began the quest for the Orb.
     0 | D:1      | Reached XP level 1. HP: 18/18 MP: 1/1
   522 | D:2      | Reached skill level 1 in Dodging
   522 | D:2      | Reached XP level 2. HP: 11/24 MP: 2/2
   592 | D:2      | Reached XP level 3. HP: 14/29 MP: 3/3
   768 | D:2      | Noticed Robin
   768 | D:2      | Noticed Jessica
   805 | D:2      | Killed Robin
   806 | D:2      | Reached XP level 4. HP: 16/37 MP: 4/4
   825 | D:2      | Killed from afar by Jessica

Illustrated notes

Levels and vault maps discovered:
D:1:      nzn_arrival_settlement, layout_basic
D:2:      layout_basic, serial_shops, nicolae_diamond_shop, basic_altar,
          uniq_robin, uniq_jessica, uniq_natasha

Skill      XL: |  1 |
---------------+----+-----
Polearms       | 3 |  3.4
Dodging        | 1 |  1.8
Fighting       | |  3.8
Armour         | |  2.5
Shields        | |  3.4

Action                     |  1- 3 |  4- 6 || total
---------------------------+-------+-------++-------
  Melee: Trident           |    73 |    17 ||    90
    Use: Potion            |       |     2 ||     2
 Armour: Scale mail        |    45 |     9 ||    54
  Dodge: Dodged            |    36 |     8 ||    44
  Block: Buckler           |    25 |     3 ||    28

Table legend: (Time is in decaauts)
 A = Elapsed time spent in this place.
 B = Non-inter-level travel time spent in this place.
 C = Inter-level travel time spent in this place.
 D = Time resting spent in this place.
 E = Time spent auto-exploring this place.
 F = Levels seen in this place.
 G = Mean time per level.
                   A        B        C        D        E       F      G
               +--------+--------+--------+--------+--------+-----+--------+
         Total |    840 |    823 |     17 |    104 |    565 |   2 |  420.0 |
       Dungeon |    840 |    823 |     17 |    104 |    565 |   2 |  420.0 |
               +--------+--------+--------+--------+--------+-----+--------+

Top non-repeatable levels by time:
     D:1: 510 daAuts
     D:2: 330 daAuts
